Map: Berlingrad LE

Players

Maru

  • Race: Terran Terran
  • League: Master

DPGCure (Cure) - Winner!

  • Race: Terran Terran

Event: TSL 8

VOD

Have the link to the VOD?

Description

Time

  • Played on: Dec. 4, 2021, 6:32 a.m.
  • Length: 12:15

All games in this series

Show
View Real Time Build Order
Export as new Build Order

Maru Terran 

Build Orders:  

Get SALT Encoding   

  12  0:00  SCV  
  13  0:15  Supply Depot  
  13  0:18  SCV  
  14  0:37  Barracks  
  14  0:42  Refinery  
  14  0:52  Barracks  
  14  0:57  SCV  
  15  1:09  SCV  
  16  1:24  Reaper, Orbital Command  
  17  1:29  Refinery  
  17  1:42  Reaper  
  18  1:50  SCV  
  18  1:51  Supply Depot  
  19  1:58  Reaper  
  20  2:02  SCV  
  21  2:14  Reaper  
  22  2:16  SCV  
  23  2:26  Factory  
  23  2:28  SCV  
  24  2:40  SCV  
  25  2:46  Reaper  
  26  2:52  SCV  
  27  3:00  Command Center  
  27  3:04  SCV  
  28  3:14  Factory Tech Lab  
  28  3:16  SCV  
  28  3:29  SCV  
  28  3:32  Cyclone  
  31  3:35  Starport  
  31  3:36  Supply Depot  
  31  3:58  SCV  
  31  3:59  Command Center  
  32  4:10  SCV  
  32  4:12  Orbital Command  
  32  4:16  Siege Tank  
  36  4:19  Starport Tech Lab  
  36  4:22  SCV  
  37  4:25  Refinery  
  37  4:34  SCV  
  39  4:38  SCV  
  39  4:42  Raven  
  41  4:46  SCV  
  41  4:47  Refinery  
  41  4:49  Barracks Reactor  
  41  4:50  SCV  
  43  4:58  SCV  
  44  5:01  Supply Depot  
  44  5:04  SCV  
  44  5:05  Siege Tank  
  48  5:10  SCV  
  48  5:11  Orbital Command  
  49  5:16  SCV  
  50  5:22  SCV  
  50  5:25  Raven, Marine x2  
  50  5:28  SCV  
  56  5:35  SCV  
  57  5:37  Supply Depot, Barracks  
  57  5:38  SCV  
  57  5:40  Barracks  
  57  5:41  Siege Tank  
  61  5:44  Marine  
  61  5:45  Marine  
  62  5:50  SCV x2  
  62  5:51  SCV  
  65  6:02  SCV  
  65  6:03  SCV x2, Engineering Bay  
  68  6:04  Engineering Bay  
  68  6:05  Supply Depot  
  68  6:15  Viking  
  68  6:16  Viking  
  68  6:18  Marine  
  72  6:20  Siege Tank  
  72  6:23  Stimpack  
  72  6:24  SCV x2  
  77  6:25  SCV  
  77  6:27  Barracks Reactor x2  
  78  6:33  Terran Infantry Weapons Level 1  
  78  6:36  Marine  
  78  6:37  SCV  
  78  6:39  Supply Depot  
  80  6:40  Terran Infantry Armor Level 1  
  80  6:44  SCV  
  80  6:45  SCV  
  81  6:48  Viking  
  83  6:55  Viking  
  83  6:58  SCV  
  83  6:59  Barracks x2  
  83  7:00  Marine  
  87  7:04  Siege Tank  
  90  7:11  Supply Depot  
  90  7:13  Marine  
  90  7:14  Marine  
  90  7:15  Marine x2  
  94  7:18  SCV, Marine  
  94  7:20  SCV  
  94  7:22  SCV  
  81  7:31  SCV, Marine x2  
  81  7:32  Marine  
  81  7:33  Marine  
  81  7:34  Liberator  
  81  7:36  Marine  
  90  7:40  SCV  
  84  7:49  Marine x2  
  84  7:50  Marine x2  
  80  7:58  Viking  
  80  7:59  Marine  
  80  8:01  Siege Tank  
  80  8:03  Marine x2  
  80  8:05  Combat Shield  
  84  8:07  Marine x2  
  84  8:08  Marine x2  
  88  8:17  SCV, Marine  
  88  8:18  SCV  
  87  8:20  Marine  
  87  8:21  Marine  
  87  8:22  SCV  
  87  8:25  Marine x2  
  89  8:31  Medivac  
  89  8:33  Siege Tank  
  94  8:36  Marine  
  94  8:37  Marine  
  96  8:46  Marine x2  
  96  8:48  Liberator  
  98  8:51  Marine x3  
  101  8:59  Marine x2  
  99  9:12  Siege Tank, Marine x3  
  105  9:21  Marine  
  105  9:22  Marine x2  
  105  9:25  SCV x2  
  105  9:27  Medivac  
  102  9:34  Medivac, Orbital Command  
  104  9:39  Refinery  
  104  9:42  Supply Depot  
  104  9:43  SCV  
  104  9:44  SCV  
  106  9:53  Siege Tank  
  106  9:58  Marine x4  
  113  10:04  Medivac  
  113  10:05  SCV x3  
  118  10:13  Marine  
  119  10:14  Marine x2  
  119  10:16  Medivac  
  119  10:17  SCV  
  119  10:19  SCV x2  
  115  10:23  Marine x4  
  106  10:32  Marine  
  106  10:34  SCV x3  
  107  10:36  Barracks Reactor, Siege Tank  
  107  10:37  Barracks Reactor  
  107  10:40  Marine  
  109  10:46  SCV, Marine x2  
  109  10:47  Marine  
  109  10:48  Armory  
  113  10:50  Supply Depot, Marine  
  114  10:59  Refinery, Marine  
  114  11:00  Refinery  
  114  11:04  Marine x2  
  115  11:05  Marine  
  115  11:08  Siege Tank, Marine  
  122  11:17  Supply Depot, Marine x2  
  122  11:18  Supply Depot, Marine x3  
  126  11:21  Medivac, Marine  
  126  11:22  Medivac, Marine  
  133  11:39  Marine  
  134  11:41  Marine  
  135  11:47  Command Center  
  135  11:52  Marine  
  135  11:53  Marine  
Show
View Real Time Build Order
Export as new Build Order

DPGCure Terran - Winner!

Build Orders:  

Get SALT Encoding   

  12  0:00  SCV  
  13  0:12  SCV  
  14  0:17  Supply Depot  
  14  0:24  SCV  
  15  0:38  SCV  
  15  0:40  Barracks  
  15  0:42  Refinery  
  16  0:50  SCV  
  16  0:52  Refinery  
  17  1:02  SCV  
  18  1:15  SCV  
  19  1:27  Reaper, Orbital Command  
  19  1:30  Supply Depot  
  20  1:43  Factory  
  20  1:53  SCV  
  21  1:55  Bunker  
  21  1:59  Marine  
  22  2:05  SCV  
  23  2:17  SCV, Marine  
  25  2:27  Hellion  
  25  2:28  Supply Depot  
  25  2:29  SCV  
  28  2:35  Marine  
  28  2:41  SCV  
  29  2:49  Hellion  
  31  2:52  Marine  
  31  2:58  SCV  
  33  3:04  Command Center  
  33  3:10  SCV  
  34  3:14  Marine  
  34  3:15  Factory Tech Lab  
  35  3:21  Supply Depot  
  35  3:22  SCV  
  35  3:30  Starport  
  35  3:34  Cyclone  
  35  3:38  Barracks Reactor  
  35  3:40  SCV  
  39  3:52  SCV  
  39  3:55  Supply Depot  
  40  4:04  SCV  
  40  4:08  Siege Tank, Starport Tech Lab  
  44  4:15  Marine x2  
  47  4:17  Orbital Command  
  47  4:20  SCV  
  47  4:28  Raven  
  49  4:32  SCV, Refinery  
  49  4:34  Marine x2  
  52  4:41  Siege Tank, Orbital Command  
  52  4:45  SCV  
  56  4:52  Marine x2  
  58  4:58  SCV  
  59  5:03  Supply Depot  
  59  5:06  SCV  
  60  5:10  SCV  
  60  5:11  Raven, Marine x2  
  65  5:16  Supply Depot  
  65  5:18  SCV  
  66  5:21  Siege Tank  
  66  5:22  SCV  
  70  5:30  SCV  
  70  5:34  SCV  
  74  5:36  Command Center  
  74  5:41  Supply Depot  
  72  5:43  SCV  
  72  5:45  Marine x2  
  72  5:46  SCV  
  76  5:54  Raven  
  76  5:55  SCV  
  79  5:58  SCV  
  79  6:01  Refinery, Siege Tank  
  83  6:08  SCV  
  83  6:10  SCV  
  85  6:19  Barracks  
  85  6:20  Marine x2, Barracks  
  85  6:22  SCV x2  
  89  6:29  Engineering Bay x2  
  89  6:32  Supply Depot  
  89  6:34  SCV x2  
  91  6:48  Orbital Command  
  91  6:52  Viking x2  
  91  6:53  Siege Tank  
  98  6:56  Marine  
  98  6:58  Stimpack  
  98  7:00  SCV  
  98  7:01  SCV  
  101  7:06  Terran Infantry Weapons Level 1  
  101  7:08  Terran Infantry Armor Level 1  
  97  7:28  Viking x2  
  97  7:29  Barracks Reactor  
  100  7:30  SCV x2, Barracks Reactor  
  100  7:33  Orbital Command  
  102  7:39  Siege Tank, Marine  
  102  7:42  SCV x2  
  108  7:48  Barracks  
  108  7:50  Barracks  
  108  7:56  Marine  
  101  8:00  SCV, Viking x2  
  101  8:01  SCV x2  
  105  8:08  Marine  
  105  8:09  Marine x3  
  109  8:13  SCV x3  
  109  8:14  Marine  
  112  8:25  SCV  
  112  8:26  SCV x2, Marine  
  116  8:30  Armory  
  116  8:32  Marine  
  117  8:34  Supply Depot  
  117  8:38  Combat Shield  
  117  8:39  Supply Depot  
  117  8:40  Viking x2  
  121  8:42  Barracks Reactor x2  
  121  8:43  Marine x3  
  121  8:44  Marine  
  113  8:50  Siege Tank, Marine  
  113  8:51  SCV x2  
  113  8:52  SCV  
  120  8:56  Refinery  
  120  8:58  Refinery  
  117  9:03  Marine x4  
  117  9:08  SCV x2, Marine  
  117  9:09  SCV  
  122  9:11  Medivac  
  123  9:20  SCV x2  
  123  9:21  SCV  
  126  9:26  Marine x4  
  126  9:27  Marine x2  
  126  9:28  Medivac  
  126  9:29  Marine  
  126  9:30  Marine  
  117  9:35  Terran Infantry Weapons Level 2  
  117  9:40  Marine  
  117  9:43  Sensor Tower  
  118  9:45  Marine  
  118  9:46  Marine  
  118  9:52  Marine x3  
  123  9:55  Supply Depot  
  123  9:56  Siege Tank, Marine  
  127  10:00  Viking  
  127  10:04  Viking  
  131  10:09  Marine  
  131  10:13  Marine x3  
  114  10:29  Marine x4  
  114  10:31  Siege Tank  
  114  10:33  Marine x4  
  111  10:47  Marine x4  
  115  10:51  Marine x2  
  115  10:54  Viking x2  
  119  11:01  Marine  
  119  11:03  Siege Tank  
  123  11:04  Factory  
  123  11:09  Barracks Reactor, Marine x4  
  127  11:16  Marine x3  
  130  11:19  Marine  
  130  11:24  Medivac x2  
  135  11:29  Command Center  
  134  11:35  Marine x7  
  134  11:37  Marine  
  142  11:41  Supply Depot  
  142  11:42  Supply Depot  
  141  11:49  Marine x2  
  141  11:53  Marine x4  
  126  11:54  Marine x2  
  126  11:55  Marine x2  
Tags
 
Event
TSL 8
League
Master
Matchup
TvT
Player
CureMaru
Race
Terran
Add a new tag
Caveats
  • Supply blocks, unpowered buildings, or Contaminate may cause inaccurate times.
  • Supply counts are checked every 10 seconds.